 Dungeon Crawl Stone Soup version 0.21-a0-59-g7b0e191 (webtiles) character file.

117 HAL9000 the Chucker (level 5, 0/54 HPs)
             Began as an Ogre Hunter on June 16, 2017.
             Slain by a goblin
             ... wielding a +0 dagger
              (2 damage)
             ... on level 3 of the Dungeon.
             The game lasted 00:05:05 (3260 turns).

HAL9000 the Chucker (Ogre Hunter)                   Turns: 3260, Time: 00:05:05

Health: 0/54       AC:  3    Str: 17    XL:     5   Next: 1%
Magic:  14/14      EV: 10    Int: 12    God:
Gold:   135        SH:  0    Dex:  9    Spells: 4/4 levels left

rFire    . . .     SeeInvis .   a - +0 short sword
rCold    . . .     Gourm    .   (no shield)
rNeg     . . .     Faith    .   b - +0 robe
rPois    +         Spirit   .   (helmet restricted)
rElec    .         Reflect  .   (no cloak)
rCorr    .         Harm     .   (gloves unavailable)
MR       .....                  (boots unavailable)
Stlth    +.........             (no amulet)
HPRegen  0.18/turn              m - ring of magical power
MPRegen  0.14/turn              v - ring of poison resistance

@: no status effects
A: unfitting armour, tough skin 1
a: no special abilities


You were on level 3 of the Dungeon.
You were hungry.

You visited 1 branch of the dungeon, and saw 3 of its levels.

You collected 135 gold pieces.

Inventory:

Hand Weapons
 a - a +0 short sword (weapon)
 l - a +0 whip
Missiles
 c - 3 large rocks (quivered)
 d - a throwing net
Armour
 b - a +0 robe (worn)
Jewellery
 m - a ring of magical power (left hand)
 v - a ring of poison resistance (right hand)
Scrolls
 g - a scroll of noise {unknown}
 h - a scroll of enchant weapon {unknown}
 q - a scroll of identify {unknown}
 s - a scroll of remove curse {unknown}
 t - a scroll of immolation {unknown}
 w - a scroll of magic mapping {unknown}
Potions
 i - a potion of berserk rage {unknown}
 j - a potion of magic {unknown}
 n - a potion of heal wounds {unknown}
 p - a potion of might {unknown}
 u - a potion of flight {unknown}
Comestibles
 f - 2 bread rations
 k - 4 royal jellies
 r - a meat ration


   Skills:
 - Level 3.7 Fighting
 + Level 3.5 Maces & Flails
 - Level 4.0 Throwing
 - Level 1.7 Dodging
 - Level 0.6 Stealth


You had 4 spell levels left.
You didn't know any spells.

Dungeon Overview and Level Annotations

Branches:
Dungeon (3/15)

Altars:


Innate Abilities, Weirdness & Mutations

You are too large for most types of armour.
You have tough skin. (AC +1)


Message History

c - a large rock The goblin struggles against the net.
The goblin struggles against the net.
The net rips apart, and the goblin comes free!
c - 2 large rocks (gained 1)
There are no items here.
c - 3 large rocks (gained 1)
There are no items here.
You hit the goblin.
The goblin is heavily wounded.
The goblin hits you with a dagger.
* * * LOW HITPOINT WARNING * * *
You barely miss the goblin.
The goblin is heavily wounded.
The goblin hits you with a dagger.
* * * LOW HITPOINT WARNING * * *
You barely miss the goblin.
The goblin is heavily wounded.
The goblin hits you with a dagger.
You die...

... ...
..........>....#
#.##.## #####..#..###.#
#.....# #.........##.#
###w#.##
#..#.#.#..รท..# #g#..#
#.........###### #.##.#
#..#.#.#........
#.##(###.........######
#.##..##..#.#.#..#
#.w..g@..........#
#####..####.#....# ##.#
#.#.#### #.# #.#.# #.#
#.#.# #.# #.#.# #.#
#.#.# #.# #.#.# #.#.#


You could see a worm and a goblin.

Vanquished Creatures
  An iguana (D:3)
  4 adders (D:2)
  3 worms
  3 dart slugs
  A leopard gecko (D:3)
  7 goblins
  A hobgoblin (D:2)
  4 jackals
  5 kobolds
  4 bats
  5 frilled lizards
  9 rats
47 creatures vanquished.

Notes
Turn   | Place    | Note
-------+----------+-------------------------------------------
     0 | D:1      | HAL9000 the Ogre Hunter began the quest for the Orb.
     0 | D:1      | Reached XP level 1. HP: 22/22 MP: 1/1
   110 | D:1      | Reached XP level 2. HP: 13/31 MP: 2/2
  1094 | D:2      | Reached skill level 1 in Maces & Flails
  1094 | D:2      | Reached XP level 3. HP: 36/39 MP: 3/3
  1840 | D:2      | Reached XP level 4. HP: 29/48 MP: 4/4
  2999 | D:3      | Reached XP level 5. HP: 39/54 MP: 5/5
  3236 | D:3      | HP: 2/54 [worm (2)]
  3259 | D:3      | HP: 2/54 [goblin/dagger (2)]
  3260 | D:3      | Slain by a goblin

Vault maps used:
D:1:      dpeg_arrival_brainrot, hangedman_decor_growths,
          minmay_misc_feat_ornament
D:3:      serial_glass, glass_columns_b, glass_columns_b, glass_columns_a,
          glass_columns_b, glass_columns_a, glass_columns_a, glass_columns_c,
          glass_columns_b

Skill      XL: |  1  2  3  4 |
---------------+-------------+-----
Fighting       | 3 |  3.7
Maces & Flails | 1 2 3 |  3.5
Throwing       | |  4.0
Dodging        | |  1.7
Stealth        | |  0.6

Action                   |  1- 3 |  4- 6 || total
-------------------------+-------+-------++-------
Melee: Short sword       |   115 |    85 ||   200
       Whip              |    12 |       ||    12
Throw: Large rock        |     2 |    10 ||    12
       Throwing net      |       |     1 ||     1
  Eat: Chunk             |     3 |     4 ||     7
Armor: Robe              |    60 |    23 ||    83
Dodge: Dodged            |    72 |    46 ||   118
